[Event "Titled Tuesday Blitz July 25 Late 2023"]
[White "Kaganskiy, Gleb"]
[Black "Suder, Jakub"]
[WhiteFideId "4132025"]
[BlackFideId "1195310"]
[WhiteElo "2291"]
[BlackElo "2529"]
[Result "1-0"]
[Round "3"]
[TimeControl "180+2"]
[Date "2023.07.25"]
[WhiteClock "0:00:44"]
[BlackClock "0:01:15"]
[Board "127"]

1. e4 c5 2. Nc3 e6 3. f4 d5 4. Nf3 Nc6 5. Bb5 Ne7 6. O-O a6 7. Bxc6+ Nxc6 8. exd5 exd5 9. d4 cxd4 10. Nxd4 Bc5 11. Re1+ Be6 12. f5 Nxd4 13. fxe6 Nxe6+ 14. Kh1 O-O 15. Qxd5 Qh4 16. Be3 Rad8 17. Qxb7 Bxe3 18. Rxe3 Rd2 19. Rf1 Rxc2 20. Nd5 Qd4 21. Rxe6 Qg4 22. Qxf7+ 1-0


[Site "https://www.chess.com"]

[Event "Titled Tuesday Blitz July 25 Late 2023"]
[White "Garakov, Mikhael"]
[Black "Ankerst, Mihael"]
[WhiteFideId "4169034"]
[BlackFideId "14602369"]
[WhiteElo "2527"]
[BlackElo "2292"]
[Result "1-0"]
[Round "3"]
[TimeControl "180+2"]
[Date "2023.07.25"]
[WhiteClock "0:02:33"]
[BlackClock "0:01:33"]
[Board "128"]

1. e4 c5 2. Nf3 Qb6 3. Nc3 Nc6 4. Be2 e6 5. O-O a6 6. a3 d6 7. Rb1 Qc7 8. b4 b5 9. d4 cxd4 10. Nxd4 Nxb4 11. Ncxb5 axb5 12. Nxb5 Qxc2 13. Qxc2 Nxc2 14. Nc7+ Kd8 15. Nxa8 Nd4 16. Bd3 Nf6 17. Be3 e5 18. Rfc1 Be7 19. Rb8 1-0


[Site "https://www.chess.com"]

[Event "Titled Tuesday Blitz July 25 Late 2023"]
[White "Broca Jimenez, Fernando"]
[Black "Karamsetty, Jeevan"]
[WhiteFideId "5104742"]
[BlackFideId "2025337"]
[WhiteElo "2285"]
[BlackElo "2527"]
[Result "0-1"]
[Round "3"]
[TimeControl "180+2"]
[Date "2023.07.25"]
[WhiteClock "0:00:05"]
[BlackClock "0:00:53"]
[Board "129"]

1. e4 g6 2. d4 Bg7 3. c4 d6 4. Nc3 e5 5. Nf3 Nc6 6. Be3 Bg4 7. d5 Nd4 8. Be2 Bxf3 9. Bxf3 c5 10. dxc6 bxc6 11. g3 Rb8 12. Rb1 Ne7 13. O-O O-O 14. Bg2 a5 15. Qd2 Qc7 16. f4 f5 17. Ne2 c5 18. Nc3 Kh8 19. exf5 gxf5 20. fxe5 dxe5 21. Nd5 Nxd5 22. Bxd5 Qd6 23. b3 Qg6 24. Kh1 a4 25. Rf2 axb3 26. axb3 f4 27. Bxd4 Qxb1+ 28. Kg2 cxd4 29. gxf4 Qg6+ 30. Kh1 Rxb3 31. Qd1 Rb1 32. Rf1 Rxd1 0-1


[Site "https://www.chess.com"]

[Event "Titled Tuesday Blitz July 25 Late 2023"]
[White "NigelDwarf"]
[Black "Clawitter, Craig"]
[BlackFideId "2023105"]
[WhiteElo "2526"]
[BlackElo "2280"]
[Result "1-0"]
[Round "3"]
[TimeControl "180+2"]
[Date "2023.07.25"]
[WhiteClock "0:00:07"]
[BlackClock "0:00:00"]
[Board "130"]

1. Nf3 Nf6 2. c4 e6 3. Nc3 d5 4. e3 c6 5. b3 Nbd7 6. Bb2 Bd6 7. Qc2 b6 8. cxd5 cxd5 9. Nb5 Bb8 10. Qc6 a6 11. Qxa8 axb5 12. Ba3 Qc7 13. Rc1 Nc5 14. Bxb5+ Nfd7 15. Qc6 Qxc6 16. Bxc6 Nd3+ 17. Ke2 Nxc1+ 18. Rxc1 Ba6+ 19. d3 Kd8 20. b4 Ne5 21. Nxe5 Bxe5 22. b5 Bc8 23. f4 Bc7 24. Bb2 f6 25. a4 Bd7 26. Bb7 Bd6 27. Bd4 Bc7 28. Kd2 e5 29. fxe5 fxe5 30. Bb2 Be6 31. Rc6 Kd7 32. Rc1 Rf8 33. Bc6+ Kd8 34. Ke1 Rf5 35. e4 dxe4 36. Bxe4 Rg5 37. Kf2 g6 38. Rc6 Kd7 39. h4 Rg4 40. g3 g5 41. Bf3 Rxa4 42. hxg5 Ra2 43. Rc2 Bb3 44. Bc6+ 1-0


[Site "https://www.chess.com"]

[Event "Titled Tuesday Blitz July 25 Late 2023"]
[White "Mohamed Saeed Laily"]
[Black "Chor, Kevin"]
[WhiteFideId "9314946"]
[BlackFideId "2090740"]
[WhiteElo "2269"]
[BlackElo "2525"]
[Result "1/2-1/2"]
[Round "3"]
[TimeControl "180+2"]
[Date "2023.07.25"]
[WhiteClock "0:00:07"]
[BlackClock "0:00:10"]
[Board "131"]

1. d4 Nf6 2. Bg5 Ne4 3. Bf4 c5 4. f3 Qa5+ 5. c3 Nf6 6. Nd2 cxd4 7. Nb3 Qb6 8. Qxd4 Qxd4 9. cxd4 d5 10. e3 e6 11. Ne2 Bb4+ 12. Kf2 O-O 13. a3 Be7 14. Nc3 Nh5 15. Be5 Nc6 16. g4 Nf6 17. Bg3 Bd7 18. Bd3 Rac8 19. Rac1 Ne8 20. Nc5 Bxc5 21. dxc5 d4 22. Nb5 dxe3+ 23. Kxe3 e5 24. Rhd1 a6 25. Be4 Nf6 26. Nd6 Rb8 27. Bxc6 Bxc6 28. Bxe5 Nd5+ 29. Kd4 f6 30. Bg3 Rbd8 31. Re1 Nc7 32. b4 Bxf3 33. Ke3 Bc6 34. Kf2 Nb5 35. Nxb5 axb5 36. Bd6 Rfe8 37. Rxe8+ Rxe8 38. Re1 Rxe1 39. Kxe1 Kf7 40. Kf2 Ke6 41. Ke3 Kd5 42. Bf8 g6 43. Bg7 f5 44. gxf5 gxf5 45. Kf4 Bd7 46. Bb2 Kc4 47. Bc1 Kb3 48. Ke5 Kc2 49. Bf4 Kb2 50. Kd6 Bc6 51. Ke5 Be4 52. Ke6 Kxa3 53. Bd2 Kb3 54. Ke5 Kc4 55. Be1 h5 56. h4 Kb3 57. Kf4 Kc4 58. Ke5 Kd3 59. Kf4 Ke2 60. Bc3 Kf2 61. Kg5 Kg3 62. Bd2 Kf3 63. Bc1 Kg3 64. Bf4+ Kh3 65. Bd2 Kg3 66. Bf4+ Kf3 67. Bd2 Bd3 68. Bc3 f4 69. Bd2 Ke4 70. Bxf4 Be2 71. Bd2 Kd4 72. Kf5 Kc4 73. Kg5 Kd3 74. Be1 Bf3 75. Kf4 Bg4 76. Kg5 Kc4 77. Kf4 Kd5 78. Kg5 Kc6 79. Kf4 Kd5 80. Kg5 Kc6 81. Kf4 b6 82. cxb6 Kxb6 83. Ke5 Kc6 84. Bc3 1/2-1/2


[Site "https://www.chess.com"]

[Event "Titled Tuesday Blitz July 25 Late 2023"]
[White "Celestino, Rafael Teixeira"]
[Black "Martinez Reyes, Pedro Ramon"]
[WhiteFideId "2108925"]
[BlackFideId "3901807"]
[WhiteElo "2267"]
[BlackElo "2525"]
[Result "0-1"]
[Round "3"]
[TimeControl "180+2"]
[Date "2023.07.25"]
[WhiteClock "0:00:11"]
[BlackClock "0:00:36"]
[Board "132"]

1. e4 d5 2. exd5 Qxd5 3. Nc3 Qd6 4. Bc4 Nf6 5. Qe2 Nc6 6. Nb5 Qd8 7. Nf3 a6 8. Nc3 Bg4 9. Ne5 Nxe5 10. Qxe5 e6 11. f3 Bf5 12. d3 Bd6 13. Qe2 O-O 14. g4 Bg6 15. Bg5 Be7 16. h4 h6 17. Bd2 b5 18. Bb3 b4 19. Ne4 Nxe4 20. fxe4 Bxh4+ 21. Kf1 Be7 22. Kg2 a5 23. Bf4 a4 24. Bc4 Ra5 25. Raf1 Bd6 26. Qd2 Bxf4 27. Qxf4 Rg5 28. Kf3 Qd4 29. Kg3 c5 30. Bxe6 Qxb2 31. Rh2 Qd4 32. Bc4 Qe5 33. Qxe5 Rxe5 34. Rhf2 Rg5 35. Kh4 Re5 36. Rf4 Rg5 37. R4f2 Re5 38. Rf4 Re7 39. R4f2 Kh7 40. Rf4 f6 41. Bb5 Re5 42. Bxa4 Rd8 43. Bb3 Rd4 44. Kh3 Be8 45. Kg3 Bd7 46. Rh1 Rg5 47. Ra1 h5 48. a3 bxa3 49. Rxa3 Bxg4 50. Kh4 Re5 51. Ra7 Kh6 52. Ra8 g5+ 53. Kg3 gxf4+ 54. Kxf4 Rd7 55. Rh8+ Kg6 56. Rg8+ Rg7 57. Rc8 Be6 58. Bxe6 Rxe6 59. Rxc5 Re5 60. Rc8 Rd7 61. Rg8+ Rg7 62. Ra8 h4 63. Ra1 Rh5 64. Rg1+ Kf7 65. Rh1 h3 66. Rh2 Rg2 0-1


[Site "https://www.chess.com"]

[Event "Titled Tuesday Blitz July 25 Late 2023"]
[White "Kozusek, Daniel"]
[Black "rikchessmx"]
[WhiteFideId "349500"]
[WhiteElo "2517"]
[BlackElo "2265"]
[Result "0-1"]
[Round "3"]
[TimeControl "180+2"]
[Date "2023.07.25"]
[WhiteClock "0:00:21"]
[BlackClock "0:00:01"]
[Board "133"]

1. d4 Nf6 2. Nf3 e6 3. Bf4 b6 4. e3 Bb7 5. Nbd2 d6 6. Bd3 g6 7. h4 h5 8. e4 Bg7 9. Qe2 Nbd7 10. Bg5 Qc8 11. e5 dxe5 12. dxe5 Ng4 13. Bf4 O-O 14. O-O-O Nc5 15. Ne4 Bxe4 16. Bxe4 Nxe4 17. Qxe4 Nxf2 18. Qe3 Nxh1 19. Rxh1 Qd7 20. Bg5 Qa4 21. Kb1 c5 22. Rd1 Rfc8 23. b3 Qg4 24. Rd7 Qxg2 25. Qf4 Rf8 26. Be7 Qg4 27. Qe3 Rfe8 28. Bg5 a5 29. Nd2 a4 30. Ne4 a3 31. Nf6+ Bxf6 32. Bxf6 Rf8 33. Kc1 Kh7 34. Bg5 Rac8 35. Qf2 Qf5 36. Qe2 c4 37. bxc4 Rc5 38. Bf6 Qf4+ 39. Qd2 Qxd2+ 40. Kxd2 Rxc4 41. Rb7 Kg8 42. Rxb6 Rfc8 43. Ke3 Rxc2 44. Kf4 R2c4+ 45. Kg5 Kh7 46. Be7 Rg4+ 47. Kf6 Kg8 48. Bxa3 Rxh4 49. Rb7 Ra4 50. Bd6 Rxa2 51. Kg5 Rf2 52. Kh6 Rf8 53. Rb3 Rf5 54. Rg3 h4 55. Rg5 Rxg5 56. Kxg5 h3 57. Bxf8 h2 58. Kg4 h1=Q 59. Bd6 Qd5 60. Kg5 Kg7 61. Bf8+ Kxf8 62. Kf6 Qf3+ 63. Kg5 Qf5+ 64. Kh6 Qxe5 65. Kh7 Qg7# 0-1


[Site "https://www.chess.com"]

[Event "Titled Tuesday Blitz July 25 Late 2023"]
[White "Doluhanova, Evgeniya"]
[Black "AyMitecK"]
[WhiteFideId "14112035"]
[WhiteElo "2264"]
[BlackElo "2516"]
[Result "0-1"]
[Round "3"]
[TimeControl "180+2"]
[Date "2023.07.25"]
[WhiteClock "0:00:10"]
[BlackClock "0:00:33"]
[Board "134"]

1. e4 e6 2. d4 d5 3. exd5 exd5 4. Nf3 Bd6 5. Bd3 Nc6 6. Qe2+ Nge7 7. Bg5 f6 8. Be3 Bg4 9. Nbd2 Qd7 10. h3 Bh5 11. g4 Bg6 12. O-O-O O-O-O 13. a3 Kb8 14. Nh4 a6 15. Nb3 Bxd3 16. Qxd3 Na7 17. Kb1 g6 18. Rhe1 Nac8 19. Bd2 Nb6 20. Bb4 Nc4 21. Bxd6 cxd6 22. Ng2 Rc8 23. Nf4 Rhe8 24. Re2 f5 25. g5 Nb6 26. Rde1 Nc6 27. c3 Re4 28. Ng2 Rce8 29. f3 Rxe2 30. Rxe2 Rxe2 31. Qxe2 Kc7 32. h4 Nd8 33. Nf4 Nc6 34. Nd2 Qe7 35. Qxe7+ Nxe7 36. Ne6+ Kd7 37. Nf8+ Ke8 38. Nxh7 Nd7 39. Nf1 Kf7 40. Ne3 Kg7 41. Nf6 Nxf6 42. gxf6+ Kxf6 43. f4 Ke6 44. Kc2 Ng8 45. b3 Nf6 46. c4 dxc4 47. bxc4 d5 48. Kd3 dxc4+ 49. Kxc4 Nh5 50. Ng2 Kd6 51. a4 b6 52. Kd3 b5 53. axb5 axb5 54. Kc3 Kd5 55. Ne3+ Ke4 56. Ng2 Nxf4 57. Nxf4 Kxf4 58. Kb4 Ke4 59. Kc5 b4 60. d5 b3 61. d6 b2 62. d7 b1=Q 63. d8=Q Qc2+ 64. Kb6 Qb3+ 65. Ka6 Qd3+ 0-1


[Site "https://www.chess.com"]

[Event "Titled Tuesday Blitz July 25 Late 2023"]
[White "Kochiev, Ivan"]
[Black "Sariego Figueredo, Wilfredo"]
[WhiteFideId "2917890"]
[BlackFideId "3500080"]
[WhiteElo "2516"]
[BlackElo "2245"]
[Result "1-0"]
[Round "3"]
[TimeControl "180+2"]
[Date "2023.07.25"]
[WhiteClock "0:01:24"]
[BlackClock "0:00:27"]
[Board "135"]

1. e4 c5 2. Nf3 a6 3. c4 Nc6 4. d4 cxd4 5. Nxd4 e5 6. Nc2 Nf6 7. Nc3 Bc5 8. Be3 Bxe3 9. Nxe3 O-O 10. Be2 d6 11. O-O Nd4 12. Qd2 Be6 13. Rfd1 Rc8 14. Rac1 Nd7 15. b3 Nc5 16. Nc2 Nxc2 17. Rxc2 Rc6 18. f3 f5 19. b4 Nd7 20. b5 axb5 21. cxb5 Qb6+ 22. Kh1 Rc5 23. Qxd6 Qxd6 24. Rxd6 Re8 25. Bd3 fxe4 26. Nxe4 Rxc2 27. Bxc2 Rc8 28. Bd1 Bf5 29. h3 Rc1 30. Kh2 Bxe4 31. Bb3+ Kf8 32. Rxd7 Bf5 33. Rf7+ Ke8 34. Rxf5 Rc5 35. a3 g6 36. Rf6 Kd8 37. Rf8+ Kc7 38. Rf7+ Kb6 39. a4 Rc3 40. Bd5 Ka5 41. Rxb7 Kxa4 42. Rxh7 Kxb5 43. Be4 g5 44. Rg7 Rc5 45. Rxg5 Kb6 46. h4 Kc7 47. h5 Ra5 48. h6 Ra6 49. Rh5 Kb6 50. h7 Ka7 51. h8=Q Rh6 52. Qg7+ Kb6 53. Rxh6+ Ka5 54. Qc7+ Kb4 55. Rb6+ Ka3 56. Qa7# 1-0


[Site "https://www.chess.com"]

[Event "Titled Tuesday Blitz July 25 Late 2023"]
[White "Sarkar, Justin"]
[Black "Deng, Henry"]
[WhiteFideId "2010011"]
[BlackFideId "30965454"]
[WhiteElo "2241"]
[BlackElo "2515"]
[Result "0-1"]
[Round "3"]
[TimeControl "180+2"]
[Date "2023.07.25"]
[WhiteClock "0:00:00"]
[BlackClock "0:01:41"]
[Board "136"]

1. e4 e5 2. f4 d5 3. d4 exd4 4. Qxd4 dxe4 5. Qxe4+ Qe7 6. Nc3 Nf6 7. Qxe7+ Bxe7 8. Nf3 O-O 9. Bd3 c6 10. O-O Bc5+ 11. Kh1 Nbd7 12. Bd2 g6 13. Rae1 Bd6 14. g3 Nc5 15. Be2 Bf5 16. Nd4 Bh3 17. Rf2 Nfe4 18. Nxe4 Nxe4 19. Be3 Nxf2+ 20. Bxf2 Rfe8 21. Kg1 Be6 22. Nxe6 Rxe6 23. Bc4 Rxe1+ 24. Bxe1 Bc5+ 25. Kf1 Rd8 26. Bd3 Kf8 27. h4 h5 28. f5 Kg7 29. a4 Bd4 30. b3 Kf6 31. Bd2 Re8 32. Bg5+ Kg7 33. fxg6 fxg6 34. Kg2 Be3 0-1


[Site "https://www.chess.com"]

[Event "Titled Tuesday Blitz July 25 Late 2023"]
[White "Rizzo, Tobias"]
[Black "De Souza, Cristiano Gomes"]
[WhiteFideId "30942691"]
[BlackFideId "2151758"]
[WhiteElo "2514"]
[BlackElo "2233"]
[Result "1-0"]
[Round "3"]
[TimeControl "180+2"]
[Date "2023.07.25"]
[WhiteClock "0:00:06"]
[BlackClock "0:00:00"]
[Board "137"]

1. d4 Nf6 2. Bg5 c5 3. d5 Qb6 4. Nc3 Qxb2 5. Bd2 Qb6 6. e4 d6 7. f4 e6 8. Nf3 exd5 9. exd5 Be7 10. Rb1 Qd8 11. Be2 O-O 12. O-O a6 13. a4 b5 14. axb5 axb5 15. Bxb5 Na6 16. Re1 Nb4 17. Bc4 Bb7 18. Be3 Re8 19. h3 Bf8 20. g4 Ne4 21. Nxe4 Rxe4 22. Bd3 Re8 23. Bc4 Qc7 24. c3 Na6 25. Rb2 Reb8 26. Qd3 Bc8 27. Ra2 Rb6 28. Rea1 Qb7 29. Nd2 Nc7 30. Rxa8 Nxa8 31. Ne4 Nc7 32. Ng5 g6 33. Rd1 Bg7 34. Bxc5 dxc5 35. d6 Rb2 36. Bxf7+ Kh8 37. Ne4 Nb5 38. d7 Bxd7 39. Qxd7 Qxd7 40. Rxd7 Bxc3 41. Ng5 Bd4+ 42. Kf1 h6 43. Ne6 Rf2+ 44. Ke1 1-0


[Site "https://www.chess.com"]

[Event "Titled Tuesday Blitz July 25 Late 2023"]
[White "Alexikov, Alexander"]
[Black "Terletsky, Oleg"]
[WhiteFideId "14103958"]
[BlackFideId "14116774"]
[WhiteElo "2230"]
[BlackElo "2513"]
[Result "0-1"]
[Round "3"]
[TimeControl "180+2"]
[Date "2023.07.25"]
[WhiteClock "0:00:00"]
[BlackClock "0:00:02"]
[Board "138"]

1. e4 e5 2. Nf3 Nc6 3. c3 d5 4. Qa4 Qd6 5. Bb5 Bd7 6. d4 dxe4 7. Nxe5 Nxe5 8. dxe5 Bxb5 9. Qxb5+ Qc6 10. Qxc6+ bxc6 11. Bf4 Ne7 12. Nd2 Nd5 13. g3 f5 14. exf6 Nxf6 15. Bxc7 Bc5 16. Nb3 Bb6 17. Be5 Bxf2+ 18. Ke2 O-O 19. Bxf6 Rxf6 20. Rhf1 e3 21. Rad1 Rb8 22. Rd4 a5 23. Ra4 Rd6 24. Rxa5 Rbd8 25. Rf5 g6 26. Rf4 Kg7 27. Rd4 Rxd4 28. Nxd4 Ra8 29. a3 c5 30. Nc2 Rb8 31. b4 cxb4 32. axb4 Rc8 33. Kd3 Rd8+ 34. Nd4 Rc8 35. b5 h5 36. c4 Kh6 37. b6 h4 38. Rc1 hxg3 39. hxg3 Bxg3 40. Kxe3 g5 41. c5 Bf4+ 42. Ke4 Bxc1 43. Kd5 Bf4 44. c6 Rxc6 45. Nxc6 g4 46. b7 Bc7 47. Ke4 g3 48. Kf3 Kg6 0-1


[Site "https://www.chess.com"]

[Event "Titled Tuesday Blitz July 25 Late 2023"]
[White "Ardila, Oscar Humberto"]
[Black "NLLO777"]
[WhiteFideId "4404742"]
[WhiteElo "2230"]
[BlackElo "2512"]
[Result "0-1"]
[Round "3"]
[TimeControl "180+2"]
[Date "2023.07.25"]
[WhiteClock "0:00:07"]
[BlackClock "0:01:55"]
[Board "139"]

1. d4 Nf6 2. c4 c5 3. d5 b5 4. Qc2 d6 5. e4 g6 6. h3 Bg7 7. Nf3 O-O 8. Nbd2 bxc4 9. Bxc4 Nbd7 10. O-O Rb8 11. Rb1 Qa5 12. b3 Ba6 13. a4 Bxc4 14. Nxc4 Qa6 15. Bf4 Nb6 16. Nfd2 Nfd7 17. Bg5 Rfe8 18. Rfe1 h6 19. Bh4 Nxc4 20. Nxc4 Ne5 21. f4 Nxc4 22. bxc4 Rb4 23. Rxb4 cxb4 24. Qb3 Qb6+ 25. Bf2 Bd4 26. Bxd4 Qxd4+ 27. Kh2 a5 28. Kg3 Rc8 29. Rd1 Qxc4 30. Qxc4 Rxc4 31. Kf3 Rc3+ 32. Ke2 Ra3 33. Rc1 Rxa4 34. Rc7 Kf8 35. Kd3 Ra3+ 36. Kd4 b3 37. Kc3 a4 38. e5 Ra2 39. Ra7 b2 40. Kc2 a3 41. e6 fxe6 42. dxe6 Ra1 43. Ra8+ Kg7 44. Rb8 Rc1+ 45. Kd2 b1=Q 46. Rxb1 Rxb1 0-1


[Site "https://www.chess.com"]

[Event "Titled Tuesday Blitz July 25 Late 2023"]
[White "KSho99"]
[Black "O`Gorman, Tom"]
[BlackFideId "2508249"]
[WhiteElo "2222"]
[BlackElo "2510"]
[Result "0-1"]
[Round "3"]
[TimeControl "180+2"]
[Date "2023.07.25"]
[WhiteClock "0:00:00"]
[BlackClock "0:01:19"]
[Board "140"]

1. d4 Nf6 2. Nc3 d5 3. Bf4 Bf5 4. f3 e6 5. g4 Bg6 6. h4 h6 7. e3 Bd6 8. Nge2 Nc6 9. Qd2 e5 10. Bg3 a6 11. a3 O-O 12. O-O-O Re8 13. Bg2 Na5 14. dxe5 Nc4 15. Qd4 c5 16. Qf4 Bxe5 17. Qxc4 dxc4 18. Rxd8 Raxd8 19. Bxe5 Rxe5 20. f4 Rxe3 21. f5 Bh7 22. g5 Ng4 23. Bxb7 Bxf5 24. gxh6 Nxh6 25. Nf4 Rd6 26. Bd5 Ng4 27. Bxc4 Ne5 28. Bd5 Ng6 29. Nxg6 Rxg6 30. Rf1 Be6 0-1


[Site "https://www.chess.com"]

[Event "Titled Tuesday Blitz July 25 Late 2023"]
[White "Storn, Justin"]
[Black "Gasparyan, David"]
[WhiteFideId "30922720"]
[BlackFideId "13311980"]
[WhiteElo "2392"]
[BlackElo "2507"]
[Result "0-1"]
[Round "3"]
[TimeControl "180+2"]
[Date "2023.07.25"]
[WhiteClock "0:00:00"]
[BlackClock "0:00:39"]
[Board "141"]

1. d4 Nf6 2. c4 d6 3. Nc3 e5 4. Nf3 Nbd7 5. e4 c6 6. Be2 Be7 7. O-O O-O 8. Re1 Qc7 9. Rb1 a5 10. a3 exd4 11. Nxd4 Nc5 12. f3 a4 13. Bf4 Rd8 14. Bf1 Qb6 15. Kh1 Bf8 16. Qd2 Ne6 17. Be3 Qa5 18. Nc2 d5 19. cxd5 cxd5 20. exd5 Nxd5 21. Nxd5 Qxd2 22. Bxd2 Rxd5 23. Bc3 b5 24. Nb4 Rh5 25. Rbd1 Bb7 26. Re5 Rxe5 27. Bxe5 Re8 28. Bxb5 Rc8 29. Bxa4 Nc5 30. Bc2 Re8 31. Bd4 Ne6 32. Bc3 Nf4 33. Re1 Rd8 34. a4 Bc5 35. a5 Nh3 36. Re2 Nf2+ 37. Kg1 Nd3+ 38. Kf1 Nxb4 39. Bxb4 Bxb4 40. Ba4 Ba6 0-1


[Site "https://www.chess.com"]

[Event "Titled Tuesday Blitz July 25 Late 2023"]
[White "Womacka, Mathias"]
[Black "Francisco_Ferrari"]
[WhiteFideId "4611390"]
[WhiteElo "2507"]
[BlackElo "2211"]
[Result "1-0"]
[Round "3"]
[TimeControl "180+2"]
[Date "2023.07.25"]
[WhiteClock "0:01:01"]
[BlackClock "0:00:27"]
[Board "142"]

1. e4 c5 2. Nf3 d6 3. d4 cxd4 4. Nxd4 Nf6 5. Nc3 a6 6. Be2 e5 7. Nb3 Be7 8. O-O O-O 9. Kh1 b5 10. a4 b4 11. Nd5 Bb7 12. Be3 Nbd7 13. Nxe7+ Qxe7 14. f3 d5 15. Na5 Nb8 16. Nxb7 Qxb7 17. exd5 Nxd5 18. Bf2 Nd7 19. a5 N7f6 20. Bc4 Rfd8 21. Qe1 Rac8 22. b3 Qc7 23. Bxa6 Ra8 24. Bc4 Nc3 25. Bb6 Qd6 26. Bxd8 Rxd8 27. a6 e4 28. a7 Ra8 29. Qe3 exf3 30. Qxf3 Nce4 31. Bd3 Qe6 32. Rfe1 Nd2 1-0


[Site "https://www.chess.com"]

[Event "Titled Tuesday Blitz July 25 Late 2023"]
[White "Kanakaris, Georgios"]
[Black "Lopez Perdomo, Juan David"]
[WhiteFideId "4209460"]
[BlackFideId "4405137"]
[WhiteElo "2507"]
[BlackElo "2210"]
[Result "1-0"]
[Round "3"]
[TimeControl "180+2"]
[Date "2023.07.25"]
[WhiteClock "0:00:40"]
[BlackClock "0:00:05"]
[Board "143"]

1. d4 c5 2. d5 e6 3. e4 exd5 4. exd5 d6 5. Nc3 Nf6 6. Bg5 Be7 7. Nf3 a6 8. a4 b6 9. h3 O-O 10. Bd3 Re8 11. O-O Qc7 12. Re1 Nbd7 13. Qd2 Bb7 14. Bc4 Bf8 15. Rxe8 Rxe8 16. Re1 Rxe1+ 17. Qxe1 g6 18. Qe2 Bg7 19. Bxa6 Nxd5 20. Bxb7 Nxc3 21. Qe8+ Nf8 22. Bc6 Ne2+ 23. Kf1 Nd4 24. Nxd4 Bxd4 25. Bd8 Qa7 26. Be7 Bg7 27. Bd5 h5 28. Qxf7+ Kh7 29. b3 Qa6+ 30. c4 Qc8 31. Bxd6 Nd7 32. Be6 Qc6 33. Qxd7 Qe4 34. Kg1 Kh6 35. Qf7 Qe1+ 36. Kh2 Be5+ 37. Bxe5 Qxe5+ 38. f4 Qe1 39. Qf8+ Kh7 40. Qg8+ Kh6 41. Qh8# 1-0


[Site "https://www.chess.com"]

[Event "Titled Tuesday Blitz July 25 Late 2023"]
[White "Vila Dupla, Aurelio"]
[Black "D`Arruda, Ricardo D."]
[WhiteFideId "2203383"]
[BlackFideId "100692"]
[WhiteElo "2189"]
[BlackElo "2507"]
[Result "1/2-1/2"]
[Round "3"]
[TimeControl "180+2"]
[Date "2023.07.25"]
[WhiteClock "0:01:46"]
[BlackClock "0:01:38"]
[Board "144"]

1. Nf3 d5 2. d4 Nf6 3. c4 c6 4. cxd5 cxd5 5. Nc3 Nc6 6. Bf4 g6 7. e3 Bg7 8. Bd3 O-O 9. O-O b6 10. h3 Bb7 11. Ne5 e6 12. Nxc6 Bxc6 13. Be5 Qd7 14. Qd2 Ne4 15. Nxe4 dxe4 16. Bxg7 Kxg7 17. Be2 Rac8 18. Rfc1 Bd5 19. b3 a5 20. Rxc8 Rxc8 21. Rc1 Rc6 22. Rxc6 Qxc6 23. g3 h5 24. h4 a4 25. Qb4 axb3 26. axb3 Qc2 27. Bc4 Qd1+ 28. Kg2 Qf3+ 29. Kg1 Qd1+ 30. Kg2 Qf3+ 31. Kg1 Qd1+ 1/2-1/2


[Site "https://www.chess.com"]

[Event "Titled Tuesday Blitz July 25 Late 2023"]
[White "Novikova, Margarita"]
[Black "Senthilkumar, Pranav"]
[WhiteFideId "14109689"]
[BlackFideId "2083477"]
[WhiteElo "2169"]
[BlackElo "2507"]
[Result "0-1"]
[Round "3"]
[TimeControl "180+2"]
[Date "2023.07.25"]
[WhiteClock "0:00:00"]
[BlackClock "0:01:19"]
[Board "145"]

1. e4 c5 2. Nc3 Nc6 3. d3 d6 4. g3 g6 5. Be3 Bg7 6. Qd2 Nf6 7. Bh6 O-O 8. h4 Bg4 9. f3 Be6 10. h5 Nd4 11. O-O-O b5 12. g4 b4 13. Nce2 Nxe2+ 14. Nxe2 Bxa2 15. Bxg7 Kxg7 16. hxg6 fxg6 17. Qh6+ Kg8 18. Ng3 Rf7 19. g5 Nd7 20. b3 a5 21. Bh3 Nf8 22. Rdf1 a4 23. f4 axb3 24. f5 b2+ 25. Kxb2 Qa5 26. Kc1 Qa3+ 27. Kd1 b3 28. fxg6 bxc2+ 29. Ke2 Nxg6 30. Rxf7 Bxf7 31. Nf5 Qb2 32. Kf3 Ra3 33. Bf1 c1=Q 34. Qxh7+ Kf8 35. Qh6+ Ke8 36. Nxd6+ exd6 37. Be2 Qf4+ 0-1


[Site "https://www.chess.com"]

[Event "Titled Tuesday Blitz July 25 Late 2023"]
[White "Butolo, Alexandru-Mircea"]
[Black "Chlpik, Martin"]
[WhiteFideId "1261649"]
[BlackFideId "14923351"]
[WhiteElo "1806"]
[BlackElo "2222"]
[Result "0-1"]
[Round "3"]
[TimeControl "180+2"]
[Date "2023.07.25"]
[WhiteClock "0:00:11"]
[BlackClock "0:00:47"]
[Board "146"]

1. Nf3 Nf6 2. g3 g6 3. Bg2 Bg7 4. O-O O-O 5. c4 d6 6. d4 Nbd7 7. b3 e5 8. Bb2 Re8 9. e3 c6 10. Nbd2 Qc7 11. Qc2 a5 12. Rad1 a4 13. b4 a3 14. Ba1 exd4 15. exd4 Nb6 16. Qb3 Ne4 17. Nxe4 Rxe4 18. Rfe1 Rxe1+ 19. Rxe1 Be6 20. Nd2 Bh6 21. Rxe6 fxe6 22. Ne4 Bg7 23. c5 dxc5 24. Qxe6+ Qf7 25. Qxf7+ Kxf7 26. bxc5 Nd5 27. Nd6+ Kg8 28. Bxd5+ cxd5 29. Nxb7 Ra4 30. c6 Rc4 31. Nc5 Be5 32. Nd7 Rxc6 33. dxe5 Rc1+ 34. Kg2 Rxa1 35. f4 Rxa2+ 36. Kh3 Re2 37. Nf6+ Kf7 38. Nxd5 a2 0-1


[Site "https://www.chess.com"]

[Event "Titled Tuesday Blitz July 25 Late 2023"]
[White "Miladinovic, Igor"]
[Black "Osmonbekov, Talaibek"]
[WhiteFideId "4203380"]
[BlackFideId "2017253"]
[WhiteElo "2821"]
[BlackElo "2164"]
[Result "1-0"]
[Round "3"]
[TimeControl "180+2"]
[Date "2023.07.25"]
[WhiteClock "0:02:46"]
[BlackClock "0:01:51"]
[Board "147"]

1. d4 e6 2. e4 d5 3. Nc3 dxe4 4. Nxe4 Nf6 5. Nxf6+ gxf6 6. Nf3 a6 7. g3 Bd7 8. Bg2 Bc6 9. O-O Nd7 10. c4 Nb6 11. d5 exd5 12. Re1+ Be7 13. Nd4 Qd7 14. Qh5 O-O-O 15. Bh3 1-0


[Site "https://www.chess.com"]

[Event "Titled Tuesday Blitz July 25 Late 2023"]
[White "Gascon Del Nogal, Jose Rafael"]
[Black "slidingknight2775"]
[WhiteFideId "3902463"]
[WhiteElo "2573"]
[BlackElo "2477"]
[Result "0-1"]
[Round "3"]
[TimeControl "180+2"]
[Date "2023.07.25"]
[WhiteClock "0:00:02"]
[BlackClock "0:00:09"]
[Board "148"]

1. e4 c5 2. Nf3 d6 3. Bb5+ Nd7 4. O-O a6 5. Bxd7+ Bxd7 6. d4 cxd4 7. Qxd4 e5 8. Qd3 h6 9. c4 b5 10. Nc3 bxc4 11. Qxc4 Nf6 12. Rd1 Be7 13. Qd3 O-O 14. b3 Be6 15. Ba3 Qa5 16. Na4 Rfd8 17. Rac1 Bf8 18. Nd2 Qb5 19. Nc4 Rac8 20. Nc3 Bxc4 21. bxc4 Qxc4 22. Qf3 Qe6 23. Rd3 d5 24. exd5 Nxd5 25. Nxd5 e4 26. Nf6+ Qxf6 27. Qxf6 gxf6 28. Rg3+ Kh7 29. Rxc8 Rxc8 30. Bb2 Rc2 31. Rb3 Bg7 32. h4 h5 33. Ra3 Rxb2 34. Rxa6 Kg6 35. g3 Rb1+ 36. Kg2 Rb2 37. Kh3 Rxf2 38. Ra5 f5 39. Ra6+ Bf6 40. Ra8 Rb2 41. Rg8+ Bg7 42. Re8 Rxa2 43. Rd8 Ra3 44. Rd7 Bf6 45. Rd6 Kg7 46. Rd5 Kg6 47. Rd6 f4 48. Rd2 Rxg3+ 49. Kh2 Rf3 50. Rg2+ Rg3 51. Re2 e3 52. Re1 Kf5 53. Rb1 Rg4 54. Rb5+ Be5 55. Rb7 f3+ 56. Kh1 Rxh4+ 57. Kg1 f2+ 58. Kg2 Rg4+ 59. Kf1 Rg1+ 60. Ke2 f1=Q+ 0-1


[Site "https://www.chess.com"]